PL
BROOKLYN DODGERS @ LEXINGTON BC
08/16/2018
 
TOP OF THE 1ST
Brooklyn Dodgers batting - Pitching for Lexington BC : RHP Juan Chávez
Pitching: RHP Juan Chávez
Batting: RHB Sean Davis 0-0: Called Strike
0-1: Ball
1-1: Fly out, F8 (Flyball, 78M)
Batting: LHB Pancho García 0-0: Called Strike
0-1: Ball
1-1: Called Strike
1-2: Ball
2-2: Foul Ball, location: 2F
2-2: Foul Ball, location: 2F
2-2: Ground out 6-3 (Groundball, 6)
Batting: LHB Ray Sears 0-0: Ball
1-0: Foul Ball, location: 2F
1-1: Swinging Strike
1-2: Ball
2-2: Foul Ball, location: 2F
2-2: Strikes out looking
Top of the 1st over - 0 run(s), 0 hit(s), 0 error(s), 0 left on base; Brooklyn 0 - Lexington 0
BOTTOM OF THE 1ST
Lexington BC batting - Pitching for Brooklyn Dodgers : RHP Ramón Ortega
Pitching: RHP Ramón Ortega
Batting: RHB John Hill 0-0: Bunted foul
0-1: Foul Ball, location: 2F
0-2: Foul Ball, location: 2F
0-2: Ground out 5-3 (Groundball, 5)
Batting: RHB Juan Cabrera 0-0: Ground out 4-3 (Groundball, 34)
Batting: LHB Mike Gardner 0-0: DOUBLE (Groundball, 3L)
Batting: RHB Júlio Gruzmán 0-0: Called Strike
0-1: Ball
1-1: Ball
2-1: Foul Ball, location: 2F
2-2: SINGLE (Groundball, 3L)
Mike Gardner to third
Runner from 3rd tries for Home, SAFE, no throw or cutoff
Batting: RHB José Álvarez 0-0: Ball
1-0: Foul Ball, location: 2F
1-1: Ball
2-1: Ball
3-1: Fly out, F9 (Flyball, 89M)
Bottom of the 1st over - 1 run(s), 2 hit(s), 0 error(s), 1 left on base; Brooklyn 0 - Lexington 1
TOP OF THE 2ND
Brooklyn Dodgers batting - Pitching for Lexington BC : RHP Juan Chávez
Batting: RHB Thom Wilcox 0-0: Called Strike
0-1: Foul Ball, location: 2F
0-2: SINGLE (Groundball, 5L)
Batting: LHB Ron Bascombe 0-0: Called Strike
0-1: Called Strike
0-2: Foul Ball, location: 2F
0-2: Ball
1-2: SINGLE (Line Drive, 9S)
Thom Wilcox to second
Batting: LHB Kenneth Chapman 0-0: Called Strike
0-1: Ball
1-1: Ball
2-1: Foul Ball, location: 2F
2-2: Strikes out looking
Batting: RHB Luis Rivas 0-0: Ball
1-0: Fly out, F2 (Popup, 2LF)
Batting: RHB Pedro Cruz 0-0: Called Strike
0-1: Swinging Strike
0-2: Ball
1-2: Ball
2-2: Fly out, F7 (Flyball, 7M)
Top of the 2nd over - 0 run(s), 2 hit(s), 0 error(s), 2 left on base; Brooklyn 0 - Lexington 1
BOTTOM OF THE 2ND
Lexington BC batting - Pitching for Brooklyn Dodgers : RHP Ramón Ortega
Batting: RHB Ed Hopkins 0-0: Ball
1-0: Ball
2-0: Called Strike
2-1: Called Strike
2-2: Ball
3-2: Base on Balls
Batting: RHB Yoshiyuki Sasaki 0-0: Called Strike
0-1: Ball
1-1: SINGLE (Flyball, 9LM)
Ed Hopkins to second
Runner from 2nd tries for 3rd, SAFE, throw made to third
Batting: RHB Steve Dunn 0-0: Called Strike
0-1: Ball
1-1: Called Strike
1-2: Foul Ball, location: 2F
1-2: Fly out, F7 (Flyball, 7M)
Batting: LHB Juan Chávez 0-0: Ball
1-0: Swinging Strike
1-1: Bunted foul
1-2: Ball
2-2: Strikes out looking
Batting: RHB John Hill 0-0: Foul Ball, location: 2F
0-1: Swinging Strike
0-2: Ball
1-2: Strikes out swinging
Bottom of the 2nd over - 0 run(s), 1 hit(s), 0 error(s), 2 left on base; Brooklyn 0 - Lexington 1
TOP OF THE 3RD
Brooklyn Dodgers batting - Pitching for Lexington BC : RHP Juan Chávez
Batting: RHB Ramón Ortega 0-0: Ball
1-0: Foul Ball, location: 2F
1-1: Foul Ball, location: 2F
1-2: Ball
2-2: Strikes out looking
Batting: RHB Sean Davis 0-0: Reached on error, E4 (Groundball, 4M)
Batting: LHB Pancho García 0-0: Ball
1-0: Foul Ball, location: 2F
1-1: Ball
2-1: Foul Ball, location: 2F
2-2: Ball
3-2: Fly out, F7 (Line Drive, 7S)
Batting: LHB Ray Sears 0-0: Ball
1-0: Called Strike
1-1: Foul Ball, location: 2F
1-2: DOUBLE (Flyball, 78D)
Sean Davis to third
Batting: RHB Thom Wilcox 0-0: Ball
1-0: DOUBLE (Flyball, 8LD)
Sean Davis scores
Ray Sears scores
Batting: LHB Ron Bascombe 0-0: Ball
1-0: Called Strike
1-1: Called Strike
1-2: Foul Ball, location: 2F
1-2: SINGLE (Line Drive, 9LS)
Thom Wilcox to third
Runner from 3rd tries for Home, SAFE, no throw or cutoff
Batting: LHB Kenneth Chapman 0-0: SINGLE (Line Drive, 34D)
Ron Bascombe to second
Runner from 2nd tries for 3rd, SAFE, no throw or cutoff
Batting: RHB Luis Rivas 0-0: Called Strike
0-1: Called Strike
0-2: Ball
1-2: Ball
Wild Pitch!
Ron Bascombe scores
Kenneth Chapman to second
2-2: Ball
3-2: Fly out, F9 (Flyball, 89M)
Top of the 3rd over - 4 run(s), 4 hit(s), 1 error(s), 1 left on base; Brooklyn 4 - Lexington 1
BOTTOM OF THE 3RD
Lexington BC batting - Pitching for Brooklyn Dodgers : RHP Ramón Ortega
Batting: RHB Juan Cabrera 0-0: Foul Ball, location: 2F
0-1: SINGLE (Flyball, 7S)
Batting: LHB Mike Gardner 0-0: Called Strike
0-1: Ball
1-1: Ball
2-1: Called Strike
2-2: Foul Ball, location: 2F
2-2: Ball
3-2: Fly out, F7 (Flyball, 7S)
Batting: RHB Júlio Gruzmán 0-0: Called Strike
0-1: Ball
1-1: Ball
2-1: Ball
3-1: Fly out, F8 (Flyball, 8RD)
Runner from 1st tags up, SAFE at 2nd
Batting: RHB José Álvarez 0-0: Ground out 5-3 (Groundball, 5L)
Bottom of the 3rd over - 0 run(s), 1 hit(s), 0 error(s), 1 left on base; Brooklyn 4 - Lexington 1
TOP OF THE 4TH
Brooklyn Dodgers batting - Pitching for Lexington BC : RHP Juan Chávez
Batting: RHB Pedro Cruz 0-0: Ball
1-0: Foul Ball, location: 2F
1-1: Ball
2-1: Ball
3-1: Called Strike
3-2: Fly out, F3 (Popup, 34)
Batting: RHB Ramón Ortega 0-0: Called Strike
0-1: Ball
1-1: Fly out, F8 (Flyball, 8RM)
Batting: RHB Sean Davis 0-0: Foul Ball, location: 2F
0-1: Ground out 6-3 (Groundball, 6)
Top of the 4th over - 0 run(s), 0 hit(s), 0 error(s), 0 left on base; Brooklyn 4 - Lexington 1
BOTTOM OF THE 4TH
Lexington BC batting - Pitching for Brooklyn Dodgers : RHP Ramón Ortega
Batting: RHB Ed Hopkins 0-0: Foul Ball, location: 2F
0-1: Foul Ball, location: 2F
0-2: Foul Ball, location: 2F
0-2: Ball
1-2: Ball
2-2: Strikes out looking
Batting: RHB Yoshiyuki Sasaki 0-0: Ball
1-0: Called Strike
1-1: Foul Ball, location: 2F
1-2: Ball
2-2: Hit by Pitch
Batting: RHB Steve Dunn 0-0: Foul Ball, location: 2F
0-1: Ball
1-1: Foul Ball, location: 2F
1-2: Foul Ball, location: 2F
1-2: Strikes out looking
Batting: LHB Juan Chávez 0-0: Foul Ball, location: 2F
0-1: Called Strike
0-2: Ball
1-2: Strikes out looking
Bottom of the 4th over - 0 run(s), 0 hit(s), 0 error(s), 1 left on base; Brooklyn 4 - Lexington 1
TOP OF THE 5TH
Brooklyn Dodgers batting - Pitching for Lexington BC : RHP Juan Chávez
Batting: LHB Pancho García 0-0: Called Strike
0-1: Ball
1-1: Ball
2-1: Swinging Strike
2-2: Ground out 4-3 (Groundball, 4)
Batting: LHB Ray Sears 0-0: Ball
1-0: Called Strike
1-1: Foul Ball, location: 2F
1-2: Foul Ball, location: 2F
1-2: SINGLE (Groundball, 34S)
Batting: RHB Thom Wilcox 0-0: Ball
1-0: Called Strike
1-1: SINGLE (Line Drive, 6D)
Ray Sears to second
Batting: LHB Ron Bascombe 0-0: Ball
1-0: Fly out, F7 (Flyball, 7S)
Batting: LHB Kenneth Chapman 0-0: Ball
1-0: Ball
2-0: Foul Ball, location: 2F
2-1: SINGLE (Groundball, 34D)
Ray Sears to third
Thom Wilcox to second
Runner from 3rd tries for Home, SAFE, no throw or cutoff
Batting: RHB Luis Rivas 0-0: Ball
1-0: Foul Ball, location: 2F
1-1: Swinging Strike
1-2: Fly out, F7 (Flyball, 7LD)
Top of the 5th over - 1 run(s), 3 hit(s), 0 error(s), 2 left on base; Brooklyn 5 - Lexington 1
BOTTOM OF THE 5TH
Lexington BC batting - Pitching for Brooklyn Dodgers : RHP Ramón Ortega
Batting: RHB John Hill 0-0: Called Strike
0-1: Ball
1-1: Ball
2-1: Ball
3-1: SINGLE (Groundball, 56D)
Batting: RHB Juan Cabrera 0-0: Ball
1-0: Ball
2-0: Ball
3-0: Called Strike
3-1: DOUBLE (Flyball, 78XD)
John Hill to third
Runner from 3rd tries for Home, SAFE, throw made home
Batting: LHB Mike Gardner 0-0: Called Strike
0-1: Ball
1-1: Ball
2-1: Ball
3-1: Foul Ball, location: 2F
3-2: Fly out, F8 (Flyball, 8LM)
Batting: RHB Júlio Gruzmán 0-0: Ball
1-0: Foul Ball, location: 2F
1-1: Called Strike
1-2: Foul Ball, location: 2F
1-2: Strikes out swinging
Batting: RHB José Álvarez 0-0: Called Strike
0-1: Swinging Strike
0-2: Ground out 2-3 (Groundball, 23)
Bottom of the 5th over - 1 run(s), 2 hit(s), 0 error(s), 1 left on base; Brooklyn 5 - Lexington 2
TOP OF THE 6TH
Brooklyn Dodgers batting - Pitching for Lexington BC : RHP Juan Chávez
Batting: RHB Pedro Cruz 0-0: Foul Ball, location: 2F
0-1: Foul Ball, location: 2F
0-2: SINGLE (Groundball, 6MD)
Batting: RHB Ramón Ortega 0-0: Reached on error, E3 (Groundball, 34S)
Pedro Cruz to third
Batting: RHB Sean Davis 0-0: Called Strike
0-1: Foul Ball, location: 2F
0-2: Ball
1-2: Ball
2-2: Ball
3-2: Fly out, F8 (Flyball, 89M)
Batting: LHB Pancho García 0-0: Ball
1-0: Swinging Strike
1-1: Swinging Strike
1-2: Ball
2-2: Foul Ball, location: 2F
2-2: Foul Ball, location: 2F
2-2: Foul Ball, location: 2F
2-2: Fly out, F7 (Popup, 78S)
Batting: LHB Ray Sears 0-0: Fly out, F5 (Popup, 5L)
Top of the 6th over - 0 run(s), 1 hit(s), 1 error(s), 2 left on base; Brooklyn 5 - Lexington 2
BOTTOM OF THE 6TH
Lexington BC batting - Pitching for Brooklyn Dodgers : RHP Ramón Ortega
Batting: RHB Ed Hopkins 0-0: Ball
1-0: Called Strike
1-1: Foul Ball, location: 2F
1-2: Ground out 4-3 (Groundball, 4)
Batting: RHB Yoshiyuki Sasaki 0-0: Called Strike
0-1: Ball
1-1: Ground out 5-3 (Groundball, 5L)
Batting: RHB Steve Dunn 0-0: Ball
1-0: Foul Ball, location: 2F
1-1: SINGLE (Groundball, 6MD)
Pinch Hitting: SHB Mustapha Gonzales 0-0: Swinging Strike
0-1: Ball
1-1: Foul Ball, location: 2F
1-2: Strikes out looking
Bottom of the 6th over - 0 run(s), 1 hit(s), 0 error(s), 1 left on base; Brooklyn 5 - Lexington 2
TOP OF THE 7TH
Brooklyn Dodgers batting - Pitching for Lexington BC : RHP Juan Chávez
Pitching: RHP Burt Booth
Batting: RHB Thom Wilcox 0-0: Ball
1-0: Ball
2-0: Called Strike
2-1: Ground out 6-3 (Groundball, 6)
Batting: LHB Ron Bascombe 0-0: Ball
1-0: Ground out 4-3 (Groundball, 4)
Batting: LHB Kenneth Chapman 0-0: Called Strike
0-1: Foul Ball, location: 2F
0-2: DOUBLE (Flyball, 78XD)
Batting: RHB Luis Rivas 0-0: Swinging Strike
0-1: Fly out, F6 (Popup, 6)
Top of the 7th over - 0 run(s), 1 hit(s), 0 error(s), 1 left on base; Brooklyn 5 - Lexington 2
BOTTOM OF THE 7TH
Lexington BC batting - Pitching for Brooklyn Dodgers : RHP Ramón Ortega
Batting: RHB John Hill 0-0: Swinging Strike
0-1: Called Strike
0-2: Foul Ball, location: 2F
0-2: Ball
1-2: Ball
2-2: Strikes out swinging
Batting: RHB Juan Cabrera 0-0: Foul Ball, location: 2F
0-1: Ball
1-1: Ball
2-1: Ball
3-1: Foul Ball, location: 2F
3-2: Fly out, F8 (Flyball, 8LM)
Batting: LHB Mike Gardner 0-0: Ground out 6-3 (Groundball, 6)
Bottom of the 7th over - 0 run(s), 0 hit(s), 0 error(s), 0 left on base; Brooklyn 5 - Lexington 2
TOP OF THE 8TH
Brooklyn Dodgers batting - Pitching for Lexington BC : RHP Burt Booth
Batting: RHB Pedro Cruz 0-0: Ball
1-0: Ground out 4-3 (Groundball, 4)
Pinch Hitting: LHB Martín Núńes 0-0: SINGLE (Groundball, 3D)
Batting: RHB Sean Davis 0-0: Grounds into double play, 5-4-3 (Groundball, 56)
Top of the 8th over - 0 run(s), 1 hit(s), 0 error(s), 0 left on base; Brooklyn 5 - Lexington 2
BOTTOM OF THE 8TH
Lexington BC batting - Pitching for Brooklyn Dodgers : RHP Ramón Ortega
Pitching: RHP Ken Hinkle
Now at C: Archie Green
Now in CF: Jim Coffey
Batting: RHB Júlio Gruzmán 0-0: Ball
1-0: Called Strike
1-1: Ball
2-1: Called Strike
2-2: Ball
3-2: Strikes out swinging
Batting: RHB José Álvarez 0-0: Fly out, F3 (Popup, 3F)
Batting: RHB Ed Hopkins 0-0: Ground out 1-3 (Groundball, 13S)
Bottom of the 8th over - 0 run(s), 0 hit(s), 0 error(s), 0 left on base; Brooklyn 5 - Lexington 2
TOP OF THE 9TH
Brooklyn Dodgers batting - Pitching for Lexington BC : RHP Burt Booth
Pitching: RHP Myron Snow
Now at SS: Mark Allen
Batting: LHB Pancho García 0-0: Swinging Strike
0-1: Called Strike
0-2: Fly out, F7 (Flyball, 78M)
Batting: LHB Ray Sears 0-0: Ball
1-0: Ball
2-0: Foul Ball, location: 2F
2-1: Called Strike
2-2: Strikes out swinging
Batting: RHB Thom Wilcox 0-0: Ball
1-0: Ball
2-0: Called Strike
2-1: DOUBLE (Line Drive, 8LXD)
Batting: RHB Jim Coffey 0-0: Ball
1-0: Foul Ball, location: 2F
1-1: Ball
2-1: Fly out, F6 (Line Drive, 6)
Top of the 9th over - 0 run(s), 1 hit(s), 0 error(s), 1 left on base; Brooklyn 5 - Lexington 2
BOTTOM OF THE 9TH
Lexington BC batting - Pitching for Brooklyn Dodgers : RHP Ken Hinkle
Pitching: RHP José Ramos
Batting: RHB Yoshiyuki Sasaki 0-0: Ball
1-0: Swinging Strike
1-1: Ball
2-1: Called Strike
2-2: SOLO HOME RUN (Flyball, 7LD), Distance : 352 ft
Batting: RHB Steve Dunn 0-0: Called Strike
0-1: Ball
1-1: SINGLE (Groundball, 5D)
Batting: RHB Mark Allen 0-0: Foul Ball, location: 2F
0-1: Ball
1-1: Swinging Strike
1-2: Strikes out looking
Batting: RHB John Hill 0-0: Swinging Strike
0-1: Ball
1-1: Called Strike
1-2: Strikes out looking
Pinch Hitting: RHB Curt Phillips 0-0: Foul Ball, location: 2F
0-1: Ball
1-1: Called Strike
1-2: Strikes out swinging
Bottom of the 9th over - 1 run(s), 2 hit(s), 0 error(s), 1 left on base; Brooklyn 5 - Lexington 3
This league is powered by Out of the Park Baseball, the baseball management simulation game for PC, Mac and Linux
Monday, May 4th, 2015 - OOTP Baseball 15.6 Build 34